 Dungeon Crawl Stone Soup version 0.30-a0-920-g7493c07aab (webtiles) character file.

Game seed: 9867728648100451890

12278 jasper the Destroyer (level 11, -22/91 HPs)
             Began as a Yellow Draconian Hedge Wizard on Mar 21, 2023.
             Was a Believer of Vehumet.
             Engulfed by an ice statue's freezing vapour (23 damage)
             ... in an ice cave.
             The game lasted 00:22:24 (14207 turns).

jasper the Destroyer (DrHW)                        Turns: 14207, Time: 00:22:25

Health: -22/91     AC: 13    Str: 14    XL:     11   Next: 60%
Magic:  15/21      EV: 14    Int: 22    God:    Vehumet [**....]
Gold:   256        SH:  0    Dex: 11    Spells: 9/24 levels left

rFire   + . .      SeeInvis .    K - +7 falchion of Eye-covered Fortitude {spect, rF+ Str+2 Int+3}
rCold   . . .      Faith    .    (no shield)
rNeg    . . .      Spirit   .    (body armour unavailable)
rPois   .          Reflect  .    b - +1 hat
rElec   .          Rampage  .    E - +0 cloak
rCorr   +                        (no gloves)
Will    +....                    (no boots)
Stlth   ++                       (no amulet)
HPRegen 0.35/turn                H - +4 ring of protection
MPRegen 0.17/turn                p - +4 ring of slaying

@: short of breath, slowed, unable to read, very slow
A: spit acid, AC +7, unfitting armour, cold-blooded, acid resistance, stinger 1,
strong-willed 1, inability to read after injury 1
a: Breathe Acid, Renounce Religion


You were in an ice cave.
You worshipped Vehumet.
Vehumet was pleased with you.
You visited 2 branches of the dungeon, and saw 12 of its levels.
You also visited: Sewer and Ice Cave.

You collected 688 gold pieces.
You spent 432 gold pieces at shops.

Inventory:

Hand Weapons
 a - a +0 dagger
 d - a +0 short sword
 i - a +0 sling
 j - a +2 short sword of draining
 t - the +6 scimitar of Ajakag {speed, rCorr Str-4 Dex+3}
   (You found it on level 6 of the Dungeon)

   Str:       It affects your strength (-4).
   Dex:       It affects your dexterity (+3).
   rCorr:     It protects you from acid and corrosion.
 u - a +3 short sword
 w - a +1 lajatang of venom
 K - the +7 falchion of Eye-covered Fortitude (weapon) {spect, rF+ Str+2 Int+3}
   (You found it on level 7 of the Dungeon)

   Str:       It affects your strength (+2).
   Int:       It affects your intelligence (+3).
   rF:        It protects you from fire.
Missiles
 e - 83 stones
 l - 24 poisoned darts
 o - 9 boomerangs
 F - a throwing net
Armour
 b - a +1 hat (worn)
 x - an orb of guile
 E - a +0 cloak (worn)
Jewellery
 g - a ring of poison resistance
 p - a +4 ring of slaying (right hand)
 A - a ring of positive energy
 C - a ring of flight
 H - a +4 ring of protection (left hand)
Wands
 q - a wand of flame (21)
 y - a wand of iceblast (24)
 D - a wand of polymorph (7)
 I - a wand of acid (1)
Scrolls
 f - 5 scrolls of teleportation
 G - a scroll of brand weapon
 L - a scroll of fog {unknown}
 M - a scroll of identify
 N - a scroll of poison {unknown}
Potions
 c - a potion of magic
 k - a potion of ambrosia
 m - 3 potions of lignification
 n - a potion of haste
 r - 2 potions of might
 s - a potion of invisibility {unknown}
 v - a potion of resistance {unknown}
 z - 3 potions of attraction {unknown}
 B - 2 potions of heal wounds {unknown}
 J - a potion of flight {unknown}


   Skills:
 + Level 6.7 Fighting
 + Level 6.0 Dodging
 - Level 1.7 Stealth
 + Level 7.0 Spellcasting
 * Level 9.1 Conjurations
 - Level 3.0 Summonings
 - Level 2.1 Necromancy
 - Level 2.0 Translocations
 - Level 3.0 Air Magic
 * Level 8.1 Earth Magic
 - Level 3.0 Poison Magic
 - Level 6.0 Evocations


You had 9 spell levels left.
You knew the following spells:

 Your Spells              Type           Power      Damage    Failure   Level
b - Blink                 Tloc           32%        N/A       5%          2
c - Call Imp              Summ           20%        N/A       3%          2
d - Cigotuvi's Dreadful   Necr/Pois/Air  38%        N/A       4%          2
e - Mephitic Cloud        Conj/Pois/Air  29%        N/A       3%          3
f - Sandblast             Erth           86%        2d18      1%          1
g - Stone Arrow           Conj/Erth      90%        3d12      1%          3
h - Passwall              Tmut/Erth      20%        N/A       2%          2

Your spell library contained the following spells:

 Spells                   Type           Power      Damage    Failure   Level
 Poisonous Vapours        Pois/Air       40%        N/A       3%          2
 Magic Dart               Conj           100%       1d8       1%          1
 Static Discharge         Conj/Air       68%        2-5/arc   1%          2
 Slow                     Hex            28%        N/A       9%          1
 Frozen Ramparts          Ice            14%        1d3       24%         3
 Tukima's Dance           Hex            7%         N/A       24%         3
 Passage of Golubria      Tloc           16%        N/A       34%         4
 Summon Ice Beast         Ice/Summ       14%        N/A       41%         4
 Ice Form                 Ice/Tmut       7%         N/A       63%         4
 Silence                  Hex/Air        7%         N/A       77%         5
 Yara's Violent Unravell  Hex/Tmut       3%         3d4       92%         5


Dungeon Overview and Level Annotations

Branches:
Dungeon (11/15)            Temple (1/1) D:4            Lair (0/5) D:9
    Orc (0/2) D:9           Sewer (visited)           IceCv (1/1)

Altars:
Ashenzari
Cheibriados
Fedhas
Hepliaklqana
Kikubaaqudgha
Nemelex Xobeh
Okawaru
Qazlal
Ru
Sif Muna
Uskayaw
Vehumet
Wu Jian
Xom
Yredelemnul
Zin
The Shining One

Shops:
D:3 (   D:5 **==:   D:9 ?

Annotations:
D:7 1 runed translucent door, Iniera's ghost, novice VSCj IceCv exclusion: ice statue


Innate Abilities, Weirdness & Mutations

You can spit globs of acid.
Your golden yellow scales are hard. (AC +7)
You cannot fit into any form of body armour.
You are cold-blooded and may be slowed by cold attacks.
You are resistant to acid. (rCorr)
Your tail ends in a venomous barb.
You are strong-willed. (Will+)
You occasionally lose the ability to read scrolls when taking damage.


Message History

MP restored: 21
Okay, then.
Really walk into a travel-excluded area?
The ice statue gestures at you. The shard of ice hits you!
You take 14 damage, and have 77/91 hp.
There are monsters nearby!
Press: ? - help, Shift-Dir - straight line, f - ice statue
Aim: an ice statue (moderately damaged, 100% to hit)
You spit a glob of acid.
The glob of acid hits the ice statue!!
The acid corrodes the ice statue!
The ice statue is severely damaged.
The ice statue gestures at you. x2
The bolt of cold hits you!!
You take 26 damage, and have 51/91 hp.
MASSIVE DAMAGE!!
Aiming: Stone Arrow (safe; 1% risk of failure)
Press: ? - help, Q - select action, (/) - cycle Shift-Dir - straight line, f/p - ice statue
Aim: an ice statue (severely damaged, covered in acid, 100% to hit)
The stone arrow hits the ice statue!!
The ice statue is almost destroyed.
You are engulfed in freezing vapours.
The ice statue gestures at you. The bolt of cold hits you!!
You feel threatened and lose the ability to read scrolls!
* * * LOW HITPOINT WARNING * * *
You take 44 damage, and have 7/91 hp.
MASSIVE DAMAGE!!
You now have 18/21 mp.
You cannot read scrolls in your current state!
Unknown command.
You feel better.
You are engulfed in freezing vapours.
* * * LOW HITPOINT WARNING * * *
The ice statue glitters chillingly in the dim dungeon light.
You take 6 damage, and have 1/91 hp.
Aiming: Stone Arrow (safe; 1% risk of failure)
Press: ? - help, Q - select action, (/) - cycle Shift-Dir - straight line, f/p - ice statue
Aim: an ice statue (almost destroyed, covered in acid, 100% to hit)
The stone arrow hits the ice statue!!
You destroy the ice statue!
Vehumet accepts your kill.
You are engulfed in freezing vapours.
You feel yourself slow down.
You die...

#...##
##...##
##...# ##..#
##..## #..##
##..####
##8#..○☼#.#
#.....°°°@○#
.......☼○○.#
............#
#..........##
##..........
##........##
#####...##
#####


You could see an ice statue.

Vanquished Creatures
  A two-headed ogre (D:7)
  Erica (D:8)
  A sun demon (D:10)
  A sixfirhy (D:10)
  Pikel (D:5)
  A cyclops (D:7)
  A rust devil (D:10)
  An ice statue (IceCv)
  A smoke demon (D:10)
  An unseen horror (D:9)
  2 rime drakes (D:11)
  A tengu conjurer (D:10)
  A troll (D:10)
  An ice devil (IceCv)
  A hellwing (D:10)
  Grinder (D:6)
  A vampire (D:10)
  2 ynoxinuls (D:10)
  6 yaks (D:9)
  A death yak simulacrum (IceCv)
  2 steam dragons
  3 vampire mosquitoes (D:11)
  A neqoxec (D:10)
  Edmund (D:6)
  An acid dragon (D:10)
  2 water moccasins (D:7)
  Duvessa (D:6)
  Pargi (Sewer)
  4 orc warriors
  2 sky beasts
  3 ogres
  2 kobold brigands
  3 scorpions (D:5)
  2 bullfrogs
  A gnoll sergeant (D:8)
  11 wights
  Dowan (D:6)
  3 killer bees (D:11)
  8 howler monkeys
  A crimson imp (D:7)
  4 quasits (D:10)
  2 hounds (D:5)
  4 jellies
  Crazy Yiuf (D:5)
  4 orc priests
  6 iguanas
  A sleepcap (D:6)
  2 gnoll boudas
  8 orc wizards
  Ijyb (D:3)
  2 troll simulacra (IceCv)
  A spriggan simulacrum (IceCv)
  18 gnolls
  8 adders
  A naga simulacrum (IceCv)
  2 shadow imps
  2 white imps (D:7)
  2 ufetubi
  A worm (D:4)
  A dart slug (D:5)
  33 orcs
  10 endoplasms
  A giant cockroach (D:1)
  6 goblins
  5 hobgoblins
  9 jackals
  16 kobolds
  4 quokkas
  9 ball pythons
  5 bats
  A frilled lizard (D:3)
  4 rats
254 creatures vanquished.

Vanquished Creatures (collateral kills)
  A quasit (D:10)
  An orc wizard (D:4)
  A gnoll (D:2)
  An orc (D:3)
4 creatures vanquished.

Vanquished Creatures (others)
  2 demonic plants (D:10)
  8 fungi (D:5)
10 creatures vanquished.

Grand Total: 268 creatures vanquished

Notes
Turn   | Place    | Note
-------+----------+-------------------------------------------
     0 | D:1      | jasper the Draconian Hedge Wizard began the quest for the
                  | Orb.
     0 | D:1      | Reached XP level 1. HP: 14/14 MP: 4/4
   501 | D:1      | Reached skill level 2 in Conjurations
   581 | D:1      | Reached XP level 2. HP: 20/20 MP: 3/6
   591 | D:1      | Learned a level 2 spell: Blink
   594 | D:1      | Learned a level 2 spell: Call Imp
   597 | D:1      | Learned a level 2 spell: Cigotuvi's Dreadful Rot
  1585 | D:2      | Reached XP level 3. HP: 26/26 MP: 2/7
  2303 | D:3      | Reached XP level 4. HP: 22/33 MP: 2/8
  2325 | D:3      | Reached skill level 1 in Necromancy
  2325 | D:3      | Reached skill level 1 in Air Magic
  2325 | D:3      | Reached skill level 1 in Poison Magic
  2503 | D:3      | Found a glowing drain.
  2520 | Sewer    | Entered a sewer
  2603 | Sewer    | Noticed Pargi
  2618 | Sewer    | Killed Pargi
  2619 | Sewer    | Reached XP level 5. HP: 33/38 MP: 2/9
  3027 | D:3      | Found Huosu's Weapon Shoppe.
  3052 | D:3      | Noticed Ijyb
  3060 | D:3      | Killed Ijyb
  3102 | D:3      | Learned a level 3 spell: Mephitic Cloud
  3757 | D:4      | Reached XP level 6. HP: 31/45 MP: 2/10
  4102 | D:4      | Found a sparkling altar of Nemelex Xobeh.
  4530 | D:5      | Entered Level 5 of the Dungeon
  4534 | D:5      | Reached skill level 3 in Conjurations
  4691 | D:5      | Your scales start taking on a golden yellow colour.
  4691 | D:5      | Reached XP level 7. HP: 38/50 MP: 7/11
  4691 | D:5      | Gained mutation: You are resistant to acid. (rCorr) [Yellow
                  | Draconian growth]
  4760 | D:5      | Found Ecucety's Book Emporium.
  4882 | D:5      | Reached skill level 4 in Conjurations
  4882 | D:5      | Reached skill level 1 in Evocations
  5046 | D:5      | Found Vetiequo's Jewellery Emporium.
  5066 | D:5      | Noticed a steam dragon
  5149 | D:6      | Noticed Grinder
  5159 | D:6      | Killed Grinder
  5202 | D:6      | Identified the +6 scimitar of Ajakag {speed, rCorr Str-4
                  | Dex+3}
  5429 | D:6      | Reached skill level 5 in Evocations
  5429 | D:6      | Reached XP level 8. HP: 37/57 MP: 10/12
  5839 | D:6      | Noticed Edmund
  5856 | D:6      | Killed Edmund
  5857 | D:6      | Reached skill level 1 in Fighting
  5937 | D:6      | Noticed Duvessa
  5938 | D:6      | Noticed Dowan
  5955 | D:6      | Killed Duvessa
  5961 | D:6      | Killed Dowan
  6000 | D:6      | Learned a level 1 spell: Sandblast
  6004 | D:6      | Learned a level 3 spell: Stone Arrow
  6007 | D:6      | Learned a level 2 spell: Passwall
  6405 | D:7      | Reached skill level 1 in Earth Magic
  6453 | D:7      | Found a runed translucent door.
  6453 | D:7      | Noticed Iniera's ghost (novice VSCj)
  6645 | D:7      | Found a shimmering altar of Xom.
  6645 | D:7      | Found a shimmering altar of Xom.
  6645 | D:7      | Found a shimmering altar of Xom.
  6645 | D:7      | Found a shimmering altar of Xom.
  6645 | D:7      | Found a shimmering altar of Xom.
  6645 | D:7      | Found a shimmering altar of Xom.
  6648 | D:7      | Reached XP level 9. HP: 68/68 MP: 16/16
  6656 | D:7      | Found a shimmering altar of Xom.
  6656 | D:7      | Found a shimmering altar of Xom.
  7050 | D:7      | Noticed a cyclops
  7632 | D:4      | Found a staircase to the Ecumenical Temple.
  7641 | Temple   | Entered the Ecumenical Temple
  7673 | Temple   | Became a worshipper of Vehumet
  7790 | D:4      | Reached skill level 5 in Spellcasting
  7790 | D:4      | Reached skill level 5 in Conjurations
  7956 | D:5      | Found Odol's Jewellery Shoppe.
  7961 | D:5      | Bought a +4 ring of protection for 432 gold pieces
  7963 | D:5      | Identified the +1 buckler of Toedarui {rElec rC+ rN+++
                  | Int-4}
  8043 | D:5      | Found Kuosk's Assorted Antiques.
  8052 | D:5      | Found Tinahocs's General Store.
  8304 | D:5      | Found a runed translucent door.
  8305 | D:5      | Noticed Crazy Yiuf
  8504 | D:5      | Noticed Pikel
  8515 | D:5      | Killed Pikel
  8829 | D:5      | Killed Crazy Yiuf
  8935 | D:7      | Killed a cyclops
  8936 | D:7      | Reached skill level 6 in Conjurations
  9039 | D:7      | Found a shimmering altar of Xom.
  9071 | D:7      | Identified the +7 falchion of Eye-covered Fortitude {spect,
                  | rF+ Str+2 Int+3}
  9111 | D:7      | Noticed a death drake
  9138 | D:7      | Noticed a black mamba
  9147 | D:7      | Noticed a two-headed ogre
  9153 | D:7      | Killed a two-headed ogre
  9154 | D:7      | Reached skill level 5 in Earth Magic
  9154 | D:7      | Reached XP level 10. HP: 32/80 MP: 16/18
  9507 | D:8      | Found an ornate altar of the Wu Jian Council.
 10078 | D:8      | Noticed Erica
 10084 | D:8      | Killed Erica
 10085 | D:8      | Reached skill level 5 in Fighting
 10085 | D:8      | Reached skill level 7 in Conjurations
 10605 | D:9      | Got the Atlas of the Entrancing Sixfirhy
 10640 | D:9      | Reached * piety under Vehumet
 10640 | D:9      | Offered knowledge of Kiss of Death by Vehumet.
 10912 | D:9      | Found a broken altar of Ashenzari.
 10953 | D:9      | Found a staircase to the Orcish Mines.
 11276 | D:9      | Found a staircase to the Lair.
 11600 | D:9      | Found a glowing silver altar of Zin.
 11604 | D:9      | Found a hide-covered altar of Uskayaw.
 11609 | D:9      | Found a glowing golden altar of the Shining One.
 11879 | D:9      | Reached skill level 5 in Dodging
 12068 | D:9      | Found Dauto's Magic Scroll Boutique.
 12112 | D:10     | Entered Level 10 of the Dungeon
 12348 | D:10     | Reached skill level 8 in Conjurations
 12360 | D:10     | Gained mutation: You do not regenerate when monsters are
                  | visible. [a neqoxec]
 12366 | D:10     | Reached XP level 11. HP: 89/89 MP: 7/20
 12377 | D:10     | Lost mutation: You do not regenerate when monsters are
                  | visible. [potion of mutation]
 12377 | D:10     | Gained mutation: Your spells are a little easier to cast,
                  | but a little less powerful. [potion of mutation]
 12377 | D:10     | Gained mutation: You are strong-willed. (Will+) [potion of
                  | mutation]
 12377 | D:10     | Gained mutation: You have very sharp teeth. [potion of
                  | mutation]
 12379 | D:10     | Noticed a sixfirhy
 12393 | D:10     | Killed a sixfirhy
 12395 | D:10     | Reached ** piety under Vehumet
 12499 | D:10     | Identified the +8 falchion "Vajavoex" {protect, *Slow rPois
                  | rCorr Int+9}
 12500 | D:10     | Lost mutation: Your spells are a little easier to cast, but
                  | a little less powerful. [potion of mutation]
 12500 | D:10     | Lost mutation: You have very sharp teeth. [potion of
                  | mutation]
 12500 | D:10     | Gained mutation: You occasionally lose the ability to read
                  | scrolls when taking damage. [potion of mutation]
 12500 | D:10     | Gained mutation: Your tail ends in a venomous barb. [potion
                  | of mutation]
 12539 | D:10     | Noticed a sun demon
 12547 | D:10     | Killed a sun demon
 12547 | D:10     | Offered knowledge of Momentum Strike by Vehumet.
 13396 | D:11     | Found a frozen archway.
 13839 | D:11     | Offered knowledge of Poisonous Vapours by Vehumet.
 13840 | D:11     | Reached skill level 9 in Conjurations
 13941 | IceCv    | Entered an ice cave
 14206 | IceCv    | HP: 1/91 [ice statue] (12)]
 14207 | IceCv    | Engulfed by an ice statue's freezing vapour

Illustrated notes

Levels and vault maps discovered:
D:1:      heliophobic_arrival_enchanted_forest, layout_loops_ring,
          minmay_door_square, minmay_pentomino_q2
D:2:      layout_loops_corners
D:3:      layout_basic, serial_shops, nicolae_shop_bloodbath_and_beyond,
          portal_sewer_entry_d, chequers_serial_rivers_micro_b, uniq_ijyb
D:4:      layout_basic, nicolae_overflow_crystal_walls, temple_hall
D:5:      kennysheep_steamy, layout_loops_corners, serial_shops, shop_statue,
          kennysheep_little_box, nicolae_shop_stone,
          nicolae_inconvenience_store, shop, uniq_crazy_yiuf_cottage, uniq_pikel
D:6:      layout_loops_ring, kennysheep_potato, uniq_grinder, uniq_edmund,
          uniq_duvessa
D:7:      layout_loops_ring, xom_shifter_show, hellmonk_ghost_happy_afterlife,
          minmay_fire_ice_demons
D:8:      layout_cave_pods, pdpol_wu_jian_five_deadly_venoms, uniq_erica
D:9:      layout_long_grid, lemuel_round_altar, grunt_temple_overflow_diamond,
          lair_entry_dummy, david_orc_2, serial_shops, shop_statue
D:10:     layout_irregular_city, serial_demonic, serial_demonic_c,
          serial_demonic_c, serial_demonic_g, serial_demonic_f,
          serial_demonic_a, serial_demonic_g, serial_demonic_f,
          chequers_serial_rivers_room_a
D:11:     gammafunk_wand_slinger, layout_gridville, portal_ice_cave_rime,
          uniq_grum
Temple:   regret_index_temple_waves
IceCv:    ice_cave_small_demon

Skill      XL: |  1  2  3  4  5  6  7  8  9 10 11 |
---------------+----------------------------------+-----
Conjurations   | 2 3 4 6 8 9 |  9.1
Summonings     | 2 3 |  3.0
Necromancy     | 2 |  2.1
Air Magic      | 2 3 |  3.0
Poison Magic   | 2 3 |  3.0
Translocations | 2 |  2.0
Evocations     | 5 6 |  6.0
Fighting       | 2 4 5 6 |  6.7
Dodging        | 3 4 5 6 |  6.0
Spellcasting   | 4 5 6 7 |  7.0
Earth Magic    | 1 5 6 8 |  8.1
Stealth        | |  1.7

Action                     |  1- 3 |  4- 6 |  7- 9 | 10-12 || total
---------------------------+-------+-------+-------+-------++-------
  Melee: Short sword       |    37 |    57 |     3 |       ||    97
         Dagger            |     1 |       |       |       ||     1
         Tailslap          |     2 |    13 |    23 |     5 ||    43
         Punch             |       |     1 |     2 |       ||     3
         Scimitar          |       |       |   142 |       ||   142
         Falchion          |       |       |     3 |    58 ||    61
  Throw: Boomerang         |     2 |       |       |       ||     2
   Cast: Magic Dart        |    75 |    91 |    27 |       ||   193
         Call Imp          |     3 |    10 |     4 |       ||    17
         Blink             |     1 |     3 |       |       ||     4
         Cigotuvi's Dreadf |       |     1 |     3 |       ||     4
         Sandblast         |       |       |    29 |       ||    29
         Mephitic Cloud    |       |       |     3 |       ||     3
         Stone Arrow       |       |       |       |   148 ||   148
Ability: Breathe Acid      |       |       |    19 |    16 ||    35
  Evoke: Wand              |       |       |       |     9 ||     9
    Use: Scroll            |     3 |     4 |     8 |     6 ||    21
         Potion            |       |       |       |     5 ||     5
   Stab: Confused          |       |       |     2 |       ||     2
         Sleeping          |       |       |     1 |       ||     1
 Armour: Skin              |    12 |    23 |    43 |    97 ||   175
  Dodge: Dodged            |    36 |    35 |    99 |   129 ||   299

Table legend: (Time is in decaauts)
 A = Elapsed time spent in this place.
 B = Non-inter-level travel time spent in this place.
 C = Inter-level travel time spent in this place.
 D = Time resting spent in this place.
 E = Time spent auto-exploring this place.
 F = Levels seen in this place.
 G = Mean time per level.
                   A        B        C        D        E       F      G
               +--------+--------+--------+--------+--------+-----+--------+
         Total |  14268 |  13523 |    745 |    551 |  10797 |  14 | 1019.1 |
       Dungeon |  13713 |  12994 |    719 |    377 |  10538 |  11 | 1246.6 |
        Temple |     59 |     33 |     26 |      0 |     25 |   1 |   59.0 |
         Sewer |    229 |    229 |      0 |     49 |    142 |   1 |  229.0 |
      Ice Cave |    266 |    266 |      0 |    125 |     92 |   1 |  266.0 |
               +--------+--------+--------+--------+--------+-----+--------+

Top non-repeatable levels by time:
     D:5: 1674 daAuts
     D:9: 1529 daAuts
     D:3: 1383 daAuts
     D:7: 1364 daAuts
     D:1: 1298 daAuts
    D:10: 1271 daAuts
     D:8: 1245 daAuts
     D:4: 1199 daAuts
     D:6: 1155 daAuts
     D:2: 1031 daAuts
    D:11: 561 daAuts
   IceCv: 266 daAuts
   Sewer: 229 daAuts
  Temple: 59 daAuts
